 Dungeon Crawl Stone Soup version 0.29.1-13-g9f3cf754e1 (webtiles) character file.

Game seed: 5861357272631634167

12343 EarthwalkerPL the Protected (level 11, -6/104 HPs)
             Began as a Minotaur Fighter on Feb 11, 2023.
             Was a High Priest of Okawaru.
             Mangled by a boulder beetle (14 damage)
             ... on level 10 of the Dungeon.
             The game lasted 00:18:58 (11185 turns).

EarthwalkerPL the Protected (Minotaur Fighter)     Turns: 11185, Time: 00:18:59

Health: -6/104     AC: 18    Str: 26    XL:     11   Next: 61%
Magic:  14/14      EV:  6    Int:  5    God:    Okawaru [*****.]
Gold:   699        SH: 14    Dex: 12    Spells: 10/10 levels left

rFire   . . .      SeeInvis +   Q - +4 broad axe (flame)
rCold   . . .      Faith    .   R - +4 kite shield of Autumn {Will+ Dex+3}
rNeg    . . .      Spirit   .   E - +0 plate armour
rPois   .          Reflect  .   (helmet restricted)
rElec   .          Harm     .   H - +2 cloak
rCorr   .          Rampage  .   (no gloves)
Will    +....                   (no boots)
Stlth   ..........              (no amulet)
HPRegen 0.27/turn               T - ring of flight
MPRegen 0.14/turn               M - ring of see invisible

@: flying
A: horns 2, retaliatory headbutt
a: Renounce Religion, Heroism, Finesse, Duel


You were on level 10 of the Dungeon.
You worshipped Okawaru.
Okawaru was extremely pleased with you.
You visited 2 branches of the dungeon, and saw 11 of its levels.

You collected 699 gold pieces.

Inventory:

Hand Weapons
 a - a +0 war axe
 D - a +0 war axe of venom
 J - a +2 vorpal war axe
 Q - a +4 broad axe of flaming (weapon)
Missiles
 u - 3 throwing nets
 v - 9 poisoned darts (quivered)
 y - 9 boomerangs
 N - 2 curare-tipped darts
 U - 14 boomerangs of dispersal
Armour
 c - a +0 buckler
 E - a +0 plate armour (worn)
 H - a +2 cloak (worn)
 R - the +4 kite shield of Autumn (worn) {Will+ Dex+3}
   (Okawaru gifted it to you on level 10 of the Dungeon)

   Dex:       It affects your dexterity (+3).
   Will:      It increases your willpower.
Jewellery
 I - an amulet of magic regeneration
 L - a ring of willpower
 M - a ring of see invisible (right hand)
 T - a ring of flight (left hand)
 V - an amulet of guardian spirit
Wands
 b - a wand of flame (16)
 p - a wand of polymorph (18)
 s - a wand of digging (3)
 O - a wand of iceblast (15)
Scrolls
 e - a scroll of brand weapon
 f - 3 scrolls of butterflies
 g - 3 scrolls of enchant armour
 i - 2 scrolls of poison
 k - 3 scrolls of blinking
 n - 2 scrolls of noise {unknown}
 t - a scroll of summoning
 w - 2 scrolls of amnesia {unknown}
 C - a scroll of teleportation {unknown}
 G - 2 scrolls of fear {unknown}
 K - a scroll of torment {unknown}
 S - a scroll of immolation {unknown}
Potions
 d - 2 potions of might
 h - 9 potions of heal wounds {unknown}
 j - 4 potions of curing {unknown}
 l - 2 potions of mutation {unknown}
 m - a potion of resistance {unknown}
 q - a potion of berserk rage {unknown}
 r - 3 potions of degeneration {unknown}
 x - 3 potions of flight {unknown}
 z - 2 potions of ambrosia {unknown}
 A - 4 potions of brilliance {unknown}
 B - a potion of lignification {unknown}
 F - 4 potions of attraction {unknown}
 P - a potion of haste {unknown}


   Skills:
 * Level 12.0 Fighting
 * Level 11.7 Axes
 * Level 12.0 Armour
 + Level 9.0 Shields
 * Level 5.4 Invocations


You had 10 spell levels left.
You didn't know any spells.
Your spell library was empty.

Dungeon Overview and Level Annotations

Branches:
Dungeon (10/15)            Temple (1/1) D:7            Lair (0/5) D:8
    Orc: D:9-12

Altars:
Ashenzari
Cheibriados
Dithmenos
Elyvilon
Fedhas
Gozag
Hepliaklqana
Kikubaaqudgha
Makhleb
Nemelex Xobeh
Okawaru
Qazlal
Ru
Sif Muna
Trog
Uskayaw
Vehumet
Wu Jian
Xom
Yredelemnul
Zin
The Shining One

Shops:
D:8 **

Annotations:
D:5 3 runed translucent doors, laros's ghost, novice MiBe
D:9 4 runed translucent doors


Innate Abilities, Weirdness & Mutations

You have a pair of horns on your head.
You reflexively headbutt those who attack you in melee.


Message History

You kill the gnoll!
Okawaru accepts your kill. You block the orc wizard's attack.
You slash the orc wizard! You burn the orc wizard.
The orc wizard is almost dead.
The orc wizard hits you but does no damage.
You completely miss the orc wizard.
The orc wizard is severely wounded.
The orc wizard gestures at you while chanting.
The magic dart hits you but does no damage.
You slice the orc wizard!! You burn the orc wizard.
You kill the orc wizard!
Okawaru accepts your kill.
Your Fighting skill increases to level 12!
Items here: )) [ †.
A boulder beetle comes into view.
Okay, then.
Okay, then.
You are too injured to fight recklessly!
Throw: 10 darts (poison)
Press: ? - help, Q - select action, (/) - cycle Shift-Dir - straight line, f - boulder beetle
Aim: a boulder beetle (90% to hit)
You throw a poisoned dart.
The poisoned dart hits the boulder beetle.
The boulder beetle is poisoned.
The boulder beetle curls into a ball and begins rolling!
The boulder beetle attacks as you move away!
The boulder beetle hits you!!
* * * LOW HITPOINT WARNING * * *
The boulder beetle stops rolling and uncurls.
The boulder beetle curls into a ball and begins rolling!
Items here: )) [ †.
The boulder beetle looks more healthy.
You block the boulder beetle's attack.
The boulder beetle stops rolling and uncurls.
The boulder beetle attacks as you move away!
You block the boulder beetle's attack.
Items here: ))) [[[[ ††††.
The boulder beetle attacks as you move away!
The boulder beetle bites you!
You die...

#.......# #.# #.# #.# ##....○.
#.# #.# #.# ##.....##
#.###.###.#### #.......###
##.........^..### #.........#
#......##........
#.......#)####.##...##..##.###
##.....##)....#......#..##....
##.......##B###.....)....#...
####..#.###@#....)<#.###.###
#....)).†.##...)#.###.##
#....###..###.#<#K##...##
.......# #..# #.#.#.O......
#.##...## #>.# #.#.####O..## #
..... #..# #.#.# ##.## ####..
...# #.#.### #.# ##> ...#
#.#...# #.# # ...# ###.# #.###


You could see a boulder beetle.

Vanquished Creatures
  3 two-headed ogres
  An ugly thing (D:9)
  2 trolls (D:9)
  Prince Ribbit (D:5)
  Sigmund (D:6)
  2 shadows (D:9)
  2 wraiths (D:9)
  2 wyverns
  14 yaks
  2 steam dragons
  A vampire mosquito (D:9)
  An acid dragon (D:10)
  8 water moccasins
  Duvessa (D:5)
  6 orc warriors
  2 black bears
  2 ice beasts
  3 ogres
  2 centaurs
  A phantom (D:7)
  4 kobold brigands
  11 bullfrogs
  A necrophage (D:5)
  A gnoll sergeant (D:10)
  A scorpion (D:5)
  10 wights
  Dowan (D:5)
  10 killer bees
  2 howler monkeys
  2 quasits (D:7)
  2 hounds (D:5)
  4 jellies
  5 orc priests
  4 gnoll boudas (D:5)
  Ijyb (D:3)
  6 iguanas
  12 orc wizards
  Natasha (thrice) (D:3)
  Robin (D:3)
  9 adders
  12 gnolls
  3 shadow imps (D:7)
  3 white imps
  4 ufetubi
  9 dart slugs
  36 orcs
  7 ball pythons
  7 endoplasms
  A giant cockroach (D:1)
  18 goblins
  15 hobgoblins
  6 jackals
  21 kobolds
  6 quokkas
  9 bats
  4 frilled lizards
  9 rats
317 creatures vanquished.

Vanquished Creatures (others)
  2 demonic plants (D:7)
  39 fungi (D:8)
  31 plants (D:8)
72 creatures vanquished.

Grand Total: 389 creatures vanquished

Notes
Turn   | Place    | Note
-------+----------+-------------------------------------------
     0 | D:1      | EarthwalkerPL the Minotaur Fighter began the quest for the
                  | Orb.
     0 | D:1      | Reached XP level 1. HP: 19/19 MP: 0/0
    78 | D:1      | Reached XP level 2. HP: 27/27 MP: 1/1
   591 | D:1      | Reached XP level 3. HP: 33/33 MP: 2/2
  1190 | D:2      | Reached XP level 4. HP: 41/41 MP: 3/3
  1495 | D:3      | Noticed Robin
  1508 | D:3      | Killed Robin
  1816 | D:3      | Reached XP level 5. HP: 47/47 MP: 4/4
  1819 | D:3      | Noticed Natasha
  1824 | D:3      | Killed Natasha
  1885 | D:3      | Noticed Natasha
  1896 | D:3      | Killed Natasha
  1897 | D:3      | Reached skill level 5 in Fighting
  1897 | D:3      | Reached skill level 5 in Armour
  2018 | D:3      | Noticed Natasha
  2029 | D:3      | Killed Natasha
  2198 | D:3      | Noticed Ijyb
  2210 | D:3      | Killed Ijyb
  2399 | D:4      | Reached XP level 6. HP: 48/56 MP: 5/5
  2435 | D:4      | Found a stormy altar of Qazlal.
  2554 | D:4      | Reached skill level 5 in Axes
  2712 | D:4      | Found a hazy altar of Hepliaklqana.
  2986 | D:5      | Entered Level 5 of the Dungeon
  3069 | D:5      | Noticed a water moccasin
  3089 | D:5      | Killed a water moccasin
  3090 | D:5      | Reached XP level 7. HP: 9/63 MP: 6/6
  3402 | D:5      | Reached skill level 5 in Shields
  3402 | D:5      | Found a broken altar of Ashenzari.
  3404 | D:5      | Found an iron altar of Okawaru.
  3409 | D:5      | Became a worshipper of Warmaster Okawaru
  3459 | D:5      | Noticed a yak
  3460 | D:5      | Noticed laros's ghost (novice MiBe)
  3461 | D:5      | Found a runed translucent gate.
  3462 | D:5      | Found a runed translucent gate.
  3463 | D:5      | Found a runed translucent gate.
  3889 | D:5      | Reached * piety under Okawaru
  4058 | D:5      | Reached XP level 8. HP: 62/73 MP: 7/7
  4783 | D:6      | Noticed Dowan
  4785 | D:6      | Noticed Duvessa
  4788 | D:6      | Noticed Prince Ribbit
  4807 | D:5      | Killed Duvessa
  4807 | D:5      | Reached ** piety under Okawaru
  4813 | D:5      | Killed Dowan
  4951 | D:5      | Killed Prince Ribbit
  5326 | D:6      | Noticed Sigmund
  5333 | D:6      | Reached XP level 9. HP: 80/82 MP: 8/8
  5382 | D:6      | Killed Sigmund
  5829 | D:6      | Reached *** piety under Okawaru
  6569 | D:7      | Found a staircase to the Ecumenical Temple.
  6578 | Temple   | Entered the Ecumenical Temple
  7422 | D:8      | Reached **** piety under Okawaru
  7567 | D:8      | Reached skill level 10 in Fighting
  7567 | D:8      | Reached skill level 10 in Armour
  7567 | D:8      | Reached XP level 10. HP: 90/93 MP: 9/9
  7592 | D:8      | Found a staircase to the Lair.
  7667 | D:8      | Found Ishomicle's Specific Store.
  7669 | D:8      | Found Matouh's General Store.
  7751 | D:8      | Found a bloodstained altar of Trog.
  7815 | D:8      | Found a hide-covered altar of Uskayaw.
  7834 | D:8      | Reached skill level 1 in Invocations
  7840 | D:8      | Noticed a two-headed ogre
  7851 | D:8      | Killed a two-headed ogre
  7852 | D:8      | Reached skill level 10 in Axes
  8262 | D:8      | Found a sparkling altar of Nemelex Xobeh.
  8551 | D:8      | Reached ***** piety under Okawaru
  9218 | D:9      | Received a gift from Okawaru
  9313 | D:9      | Found a large runed translucent door.
  9315 | D:9      | Found a large runed translucent door.
  9329 | D:9      | Found a large runed translucent door.
  9329 | D:9      | Found a large runed translucent door.
  9505 | D:9      | Reached XP level 11. HP: 92/102 MP: 12/12
  9735 | D:9      | Noticed a two-headed ogre
  9748 | D:9      | Killed a two-headed ogre
  9900 | D:9      | Found the +7 Singing Sword {vorpal, sonic wave}
  9978 | D:9      | Noticed a red ugly thing
  9991 | D:9      | Killed a red ugly thing
 10367 | D:10     | Entered Level 10 of the Dungeon
 10593 | D:10     | Identified the +4 kite shield of Autumn {Will+ Dex+3}
                  | (Okawaru gifted it to you on level 10 of the Dungeon)
 10593 | D:10     | Received a gift from Okawaru
 10599 | D:10     | Reached skill level 5 in Invocations
 10793 | D:10     | Noticed a two-headed ogre
 11029 | D:10     | Killed a two-headed ogre
 11174 | D:10     | Noticed a boulder beetle
 11185 | D:10     | Mangled by a boulder beetle

Illustrated notes

Levels and vault maps discovered:
D:1:      eino_arrival_water_cross, layout_basic
D:2:      layout_basic
D:3:      layout_loops_ring, uniq_robin, uniq_ijyb, uniq_natasha
D:4:      layout_rooms, mainiacjoe_overflow_alcove_4,
          nicolae_qazlal_scattered_showers
D:5:      cheibrodos_barr_body, layout_loops_ring,
          chequers_temple_overflow_statue_of_worship, gammafunk_ghost_split
D:6:      layout_loops_ring, uniq_sigmund, uniq_duvessa, uniq_prince_ribbit1
D:7:      layout_loops_ring, minmay_temple_entry_junction_2, serial_demonic,
          serial_demonic_f, serial_demonic_f, serial_demonic_e,
          serial_demonic_b, hangedman_decor_riveting, minivault_26
D:8:      layout_gridville, nicolae_overflow_crystal_walls,
          mainiacjoe_overflow_six_doors_small, trog_hazing_becter,
          due_lair_maze_entry_diamond, roderic_three_in_a_row,
          nicolae_specific_store, grunt_ministairs_11, minmay_misc_feat_doors
D:9:      layout_loops_ring, minmay_hollow_rounded_squares
D:10:     layout_loops_ring, enter_bailey_5, minmay_unpleasant_kobolds
Temple:   nicolae_temple_superstar

Skill      XL: |  1  2  3  4  5  6  7  8  9 10 11 |
---------------+----------------------------------+-----
Fighting       | 4 5 6 7 8 10 11 12 | 12.0
Armour         | 4 5 6 7 8 10 11 12 | 12.0
Axes           | 3 4 5 6 7 9 10 11 | 11.7
Shields        | 4 5 6 7 8 9 |  9.0
Invocations    | 3 5 |  5.4

Action                   |  1- 3 |  4- 6 |  7- 9 | 10-12 || total
-------------------------+-------+-------+-------+-------++-------
Melee: War axe           |    70 |   193 |   287 |   128 ||   678
       Headbutt          |     8 |    15 |    41 |    46 ||   110
       Broad axe         |       |       |       |   145 ||   145
Throw: Boomerang         |       |       |       |    13 ||    13
       Dart              |       |       |       |     1 ||     1
  Use: Scroll            |       |       |       |     6 ||     6
Armor: Scale mail        |    33 |   120 |    46 |       ||   199
       Plate armour      |       |       |   151 |   149 ||   300
Dodge: Dodged            |    30 |   101 |   125 |    64 ||   320
Block: Buckler           |    16 |    50 |    73 |    46 ||   185
       Kite shield       |       |       |       |    52 ||    52
